 Dungeon Crawl Stone Soup version 0.30-a0-743-gbfdf073431 (webtiles) character file.

Game seed: 16573169338970467476

44 flickminster the Conjurer (level 3, 0/22 HPs)
             Began as a Gargoyle Reaver on Feb 6, 2023.
             Slain by a gnoll
             ... wielding a +0 flail of protection
              (7 damage)
             ... on level 2 of the Dungeon.
             The game lasted 00:03:17 (1029 turns).

flickminster the Conjurer (Gargoyle Reaver)         Turns: 1029, Time: 00:03:17

Health: 0/22       AC:  6    Str: 17    XL:     3   Next: 62%
Magic:  6/6        EV: 11    Int: 13    God:
Gold:   67         SH:  0    Dex:  8    Spells: 5/6 levels left

rFire   . . .      SeeInvis .    a - +0 mace
rCold   . . .      Faith    .    (no shield)
rNeg    + . .      Spirit   .    b - +0 leather armour
rPois   ∞          Reflect  .    (no helmet)
rElec   +          Harm     .    (no cloak)
rCorr   .          Rampage  .    (no gloves)
Will    .....                    (no boots)
Stlth   +                        (no amulet)
HPRegen 0.23/turn                (no ring)
MPRegen 0.10/turn                (no ring)

@: no status effects
A: sickness immunity, AC +3, negative energy resistance 1, electricity
resistance, torment resistance 1, petrification resistance
a: no special abilities


You were on level 2 of the Dungeon.
You visited 1 branch of the dungeon, and saw 2 of its levels.

You collected 67 gold pieces.

Inventory:

Hand Weapons
 a - a +0 mace (weapon)
Armour
 b - a +0 leather armour (worn)
Scrolls
 c - a scroll of enchant armour {unknown}
 d - a scroll of magic mapping {unknown}
 f - 3 scrolls of poison {unknown}
Potions
 e - a potion of flight {unknown}
 g - 2 potions of heal wounds {unknown}
 h - a potion of magic {unknown}


   Skills:
 + Level 2.6 Fighting
 + Level 3.3 Maces & Flails
 + Level 2.0 Dodging
 + Level 2.3 Spellcasting
 + Level 3.7 Conjurations


You had 5 spell levels left.
You knew the following spells:

 Your Spells              Type           Power      Damage    Failure   Level
a - Kiss of Death         Conj/Necr      24%        2d7       14%         1

Your spell library contained the following spells:

 Spells                   Type           Power      Damage    Failure   Level
 Momentum Strike          Conj/Tloc      12%        3d8       22%         2
 Hailstorm                Conj/Ice       6%         3d4       38%         3
 Animate Dead             Necr           1%         N/A       96%         4
 Haunt                    Necr/Summ      0%         N/A       100%        7
 Infestation              Necr           0%         N/A       100%        8


Dungeon Overview and Level Annotations

Branches:
Dungeon (2/15)

Altars:

Shops:
D:1 :


Innate Abilities, Weirdness & Mutations

You are immune to sickness and miasma.
Your stone body is resilient. (AC +3)
You are immune to poison.
You resist negative energy. (rN+)
You are resistant to electric shocks. (rElec)
You are resistant to unholy torment.
You are immune to petrification.


Message History

The ball python bites you but does no damage.
The ball python constricts you.
The ball python bites you but does no damage.
The ball python constricts you.
You barely miss the ball python.
The ball python is heavily wounded.
The ball python bites you but does no damage.
The ball python constricts you.
You hit the ball python.
You kill the ball python!
You closely miss the kobold. The kobold closely misses you.
The kobold hits you with a +0 club.
You barely miss the kobold. The kobold barely misses you.
You hit the kobold.
You kill the kobold!
You hit the gnoll.
The gnoll is lightly wounded.
The gnoll barely misses you.
You barely miss the gnoll.
The gnoll is lightly wounded.
The gnoll hits you with a +0 flail of protection.
You closely miss the gnoll. The gnoll hits you with a +0 flail!
You sock the gnoll!
The gnoll is severely wounded.
The gnoll barely misses you.
You hit the gnoll.
The gnoll is almost dead.
The gnoll closely misses you.
You hit the gnoll.
You kill the gnoll!
The gnoll hits you but does no damage.
Your Dodging skill increases to level 2!
You closely miss the gnoll. The gnoll misses you.
You closely miss the gnoll.
The gnoll hits you with a +0 flail of protection.
You hit the gnoll but do no damage.
The gnoll hits you with a +0 flail of protection.
You hit the gnoll but do no damage.
The gnoll hits you with a +0 flail of protection!
You die...

)........# #....^_..#
#......^## #
######...#### ####..
###....# #$.....
####.#### .......
########....# ....... ##
#...........###S......
..........†.....@gg......
###################......
..... .... ... .. #


You could see 2 gnolls and a ball python.

Vanquished Creatures
  A gnoll (D:2)
  3 dart slugs (D:1)
  5 ball pythons
  2 endoplasms (D:1)
  A giant cockroach (D:1)
  A goblin (D:1)
  2 hobgoblins (D:1)
  2 quokkas (D:1)
  3 bats
  4 kobolds (D:2)
  3 rats (D:1)
27 creatures vanquished.

Notes
Turn   | Place    | Note
-------+----------+-------------------------------------------
     0 | D:1      | flickminster the Gargoyle Reaver began the quest for the
                  | Orb.
     0 | D:1      | Reached XP level 1. HP: 12/12 MP: 3/3
    37 | D:1      | Found Gobocs's Book Shoppe.
   129 | D:1      | Reached XP level 2. HP: 17/18 MP: 5/5
   600 | D:1      | Reached XP level 3. HP: 21/22 MP: 6/6
   969 | D:2      | Found a faded altar of an unknown god.
  1029 | D:2      | Slain by a gnoll

Illustrated notes

Levels and vault maps discovered:
D:1:      amcnicky_arrival_blooded_trapdoor, layout_loops_corners, serial_shops,
          nicolae_shop_advertising_works [nicolae_subvault_shop_adworks]
D:2:      layout_rooms, ebering_ecumenical_altar_webs, dk_noncrumbling_4

Skill      XL: |  1  2  3 |
---------------+----------+-----
Dodging        | 2 |  2.0
Fighting       | |  2.6
Maces & Flails | |  3.3
Spellcasting   | |  2.3
Conjurations   | |  3.7

Action                     || total
---------------------------++-------
  Melee: Mace              ||    77
         Punch             ||     1
   Cast: Kiss of Death     ||     1
 Armour: Leather armour    ||    29
  Dodge: Dodged            ||    52

Table legend: (Time is in decaauts)
 A = Elapsed time spent in this place.
 B = Non-inter-level travel time spent in this place.
 C = Inter-level travel time spent in this place.
 D = Time resting spent in this place.
 E = Time spent auto-exploring this place.
 F = Levels seen in this place.
 G = Mean time per level.
                   A        B        C        D        E       F      G
               +--------+--------+--------+--------+--------+-----+--------+
         Total |   1047 |    970 |     77 |      0 |    768 |   2 |  523.5 |
       Dungeon |   1047 |    970 |     77 |      0 |    768 |   2 |  523.5 |
               +--------+--------+--------+--------+--------+-----+--------+

Top non-repeatable levels by time:
     D:1: 959 daAuts
     D:2: 88 daAuts
